 Dungeon Crawl Stone Soup version 0.28-a0-1235-g7c8fac35f0 (webtiles) character file.

Game seed: 17114305847284251314

21 kae the Shield-Bearer (level 2, -2/26 HPs)
             Began as a Hill Orc Fighter on Dec 24, 2021.
             Succumbed to an adder's poison
             ... on level 2 of the Dungeon.
             The game lasted 00:00:22 (459 turns).

kae the Shield-Bearer (Hill Orc Fighter)             Turns: 459, Time: 00:00:23

Health: -2/26      AC:  6    Str: 18    XL:     2   Next: 83%
Magic:  2/2        EV:  9    Int:  8    God:
Gold:   11         SH:  4    Dex: 10    Spells: 1/1 levels left

rFire   . . .      SeeInvis .   a - +0 war axe
rCold   . . .      Faith    .   c - +0 buckler
rNeg    . . .      Spirit   .   b - +0 scale mail
rPois   .          Reflect  .   (no helmet)
rElec   .          Harm     .   (no cloak)
rCorr   .          Rampage  .   (no gloves)
Will    .....                   (no boots)
Stlth   ..........              (no amulet)
HPRegen 0.08/turn               (no ring)
MPRegen 0.08/turn               (no ring)

@: lethally poisoned (-2 -> -10)
A: no striking features
a: no special abilities


You were on level 2 of the Dungeon.
You visited 1 branch of the dungeon, and saw 2 of its levels.

You collected 11 gold pieces.

Inventory:

Hand Weapons
 a - a +0 war axe (weapon)
Armour
 b - a +0 scale mail (worn)
 c - a +0 buckler (worn)
Jewellery
 f - a ring of protection from fire
Potions
 d - a potion of might


   Skills:
 - Level 3.6 Fighting
 + Level 3.6 Axes
 - Level 3.2 Armour
 + Level 3.9 Shields


You had one spell level left.
You didn't know any spells.
Your spell library was empty.

Dungeon Overview and Level Annotations

Branches:
Dungeon (1/15)

Altars:


Message History

You are more poisoned.
The adder poisons you! The adder bites you but does no damage.
You miss the adder.
You feel very sick. The bat hits you but does no damage.
You block the adder's attack. The adder bites you but does no damage.
You are too injured to fight recklessly!
You are too injured to fight recklessly!
You are too injured to fight recklessly!
You are too injured to fight recklessly!
You are too injured to fight recklessly!
You are too injured to fight recklessly!
You closely miss the adder.
You feel sick. You block the bat's attack. The bat closely misses you.
The adder bites you but does no damage.
You closely miss the adder. You slash the bat!
You kill the bat!
You feel sick. The adder bites you. The adder bites you but does no damage.
You barely miss the adder.
You feel sick. The adder bites you.
* * * LOW HITPOINT WARNING * * *
The adder bites you but does no damage.
Okay, then.
You slash the adder!
The adder is severely wounded.
You feel sick. The adder bites you but does no damage.
You barely miss the adder.
The adder is severely wounded.
You feel sick.
You are no longer poisoned.
You block the adder's attack.
A quokka comes into view.
The adder barely misses you.
You barely miss the adder.
The adder is severely wounded.
The adder bites you but does no damage. The adder bites you.
* * * LOW HITPOINT WARNING * * *
You are lethally poisoned!
The adder poisons you!
You slash the adder!
You kill the adder!
You die...

#.#####.#
###.......
#?.......#
#.......r#
#........#
#........#
#........#
#.....@..#
#.........<...
########......
...... .....
..... ....
####


You could see a quokka.

Vanquished Creatures
  A gnoll (D:1)
  An adder (D:2)
  A dart slug (D:1)
  A giant cockroach (D:1)
  A hobgoblin (D:1)
  2 kobolds (D:1)
  2 ball pythons (D:1)
  A bat (D:2)
  A frilled lizard (D:1)
  A goblin (D:1)
12 creatures vanquished.

Notes
Turn   | Place    | Note
-------+----------+-------------------------------------------
     0 | D:1      | kae the Hill Orc Fighter began the quest for the Orb.
     0 | D:1      | Reached XP level 1. HP: 19/19 MP: 1/1
   132 | D:1      | Reached XP level 2. HP: 19/26 MP: 2/2
   442 | D:1      | You fall into a shaft and drop 1 floor!
   458 | D:2      | HP: 1/26 [adder (2)]
   459 | D:2      | Succumbed to an adder's poison

Illustrated notes

Levels and vault maps discovered:
D:1:      dpeg_arrival_radiant, layout_basic
D:2:      layout_basic, serial_glass, glass_columns_c, glass_columns_a,
          shapermc_ecumenical_altar_ellora

Skill      XL: |  1 |
---------------+----+-----
Axes           | 3 |  3.6
Fighting       | |  3.6
Armour         | |  3.2
Shields        | |  3.9

Action                   || total
-------------------------++-------
Melee: War axe           ||    34
  Use: Potion            ||     1
Armor: Scale mail        ||    17
Dodge: Dodged            ||    23
Block: Buckler           ||    16

Table legend: (Time is in decaauts)
 A = Elapsed time spent in this place.
 B = Non-inter-level travel time spent in this place.
 C = Inter-level travel time spent in this place.
 D = Time resting spent in this place.
 E = Time spent auto-exploring this place.
 F = Levels seen in this place.
 G = Mean time per level.
                   A        B        C        D        E       F      G
               +--------+--------+--------+--------+--------+-----+--------+
         Total |    474 |    474 |      0 |     32 |    365 |   2 |  237.0 |
       Dungeon |    474 |    474 |      0 |     32 |    365 |   2 |  237.0 |
               +--------+--------+--------+--------+--------+-----+--------+

Top non-repeatable levels by time:
     D:1: 453 daAuts
     D:2: 21 daAuts
